Selects Italian Combined Arms Battlegroup
Selects Bersaglieri Squad
Construct Light Support Kompanie
Selects Bersaglieri Bolster
Construct Mechanized Kompanie
Panzerjäger Mechanized Group
Marder III Tank Destroyer
Marder III Tank Destroyer
254 Reconnaissance Tractor
Selects Semovente da 75/18 Assault Gun
Selects Carro Armato M13/40 Light Tank
Carro Armato M13/40 Light Tank
Carro Armato M13/40 Light Tank
Carro Armato M13/40 Light Tank
Carro Armato M13/40 Light Tank
Carro Armato M13/40 Light Tank
Construct Panzerarmee Kommand
Selects Breda Model 30 Light Machine Guns
Carro Armato M13/40 Light Tank
Marder III Tank Destroyer
Marder III Tank Destroyer
Walking Stuka Rocket Launcher
Panzerjäger Mechanized Group
Marder III Tank Destroyer
Marder III Tank Destroyer
18-tonne Recovery Half-track
Marder III Tank Destroyer
18-tonne Recovery Half-track